 Dungeon Crawl Stone Soup version 0.28-b1-25-g9875b3fc8c (webtiles) character file.

Game seed: 17248105030164833797

15256 inmateoo the Basher (level 12, -3/76 HPs)
             Began as a Gargoyle Gladiator on Feb 5, 2022.
             Was an Initiate of Gozag.
             Slain by an ice devil (9 damage)
             ... on level 12 of the Dungeon.
             The game lasted 00:22:45 (16586 turns).

inmateoo the Basher (Gargoyle Gladiator)           Turns: 16586, Time: 00:22:46

Health: -3/76      AC: 30    Str: 21    XL:     12   Next: 25%
Magic:  12/12      EV:  8    Int:  9    God:    Gozag
Gold:   1689       SH: 16    Dex: 13    Spells: 11/11 levels left

rFire   + + .      SeeInvis .   q - +2 flail (protect)
rCold   . . .      Faith    .   f - +0 kite shield
rNeg    + . .      Spirit   .   j - +3 chain mail {rF+}
rPois   ∞          Reflect  +   b - +0 helmet
rElec   +          Harm     .   w - +1 cloak
rCorr   .          Rampage  .   (no gloves)
Will    +....                   k - +2 pair of boots
Stlth   ..........              a - amulet of reflection
HPRegen 0.22/turn               s - ring of protection from fire
MPRegen 0.13/turn               x - ring of willpower

@: gold aura
A: sickness immunity, AC +8, negative energy resistance 1, electricity
resistance, torment resistance 1, petrification resistance
a: Renounce Religion, Potion Petition, Call Merchant, Bribe Branch


You were on level 12 of the Dungeon.
You worshipped Gozag.
Gozag was most pleased with you.
You visited 2 branches of the dungeon, and saw 13 of its levels.
You also visited: Bailey.

You collected 1984 gold pieces.
You paid 295 gold pieces to Gozag.

Inventory:

Hand Weapons
 c - a +3 spectral club
 q - a +2 flail of protection (weapon)
Armour
 b - a +0 helmet (worn)
 f - a +0 kite shield (worn)
 j - a +3 chain mail of fire resistance (worn)
 k - a +2 pair of boots (worn)
 w - a +1 cloak (worn)
Jewellery
 a - an amulet of reflection (around neck)
 p - a ring of positive energy
 s - a ring of protection from fire (left hand)
 x - a ring of willpower (right hand)
Wands
 r - a wand of polymorph (3)
 y - a wand of iceblast (6)
 A - a wand of charming (4)
 D - a wand of paralysis (1)
 F - a wand of acid (4)
Scrolls
 h - 8 scrolls of teleportation
 m - a scroll of fog
 n - 3 scrolls of blinking
 t - 4 scrolls of fear
 u - a scroll of enchant armour
 E - a scroll of enchant weapon
Potions
 d - a potion of cancellation
 e - a potion of resistance
 g - 4 potions of mutation
 i - a potion of magic
 l - 6 potions of curing
 o - 3 potions of brilliance
 v - a potion of heal wounds
 z - a potion of lignification
 B - 2 potions of flight {unknown}
 C - a potion of attraction {unknown}


   Skills:
 + Level 9.5 Fighting
 * Level 12.5 Maces & Flails
 - Level 1.7 Throwing
 + Level 9.2 Armour
 - Level 5.0 Dodging
 + Level 9.2 Shields


You had 11 spell levels left.
You didn't know any spells.
Your spell library contained the following spells:

 Spells                   Type           Power      Damage    Failure   Level
 Animate Skeleton         Necr           0%         N/A       100%        1
 Apportation              Tloc           0%         N/A       100%        1
 Foxfire                  Conj/Fire      0%         2x1d4     100%        1
 Shock                    Conj/Air       0%         1d3       100%        1
 Summon Small Mammal      Summ           0%         N/A       100%        1
 Static Discharge         Conj/Air       0%         N/A       100%        2
 Call Canine Familiar     Summ           0%         N/A       100%        3
 Conjure Flame            Conj/Fire      0%         6-21      100%        3
 Ignite Poison            Fire/Tmut/Pois 0%         N/A       100%        3
 Inner Flame              Hex/Fire       0%         N/A       100%        3
 Portal Projectile        Hex/Tloc       0%         N/A       100%        3
 Swiftness                Air            0%         N/A       100%        3
 Airstrike                Air            0%         N/A       100%        4
 Flame Wave               Conj/Fire      0%         2d4       100%        4
 Fulminant Prism          Conj/Hex       0%         3d6       100%        4
 Iskenderun's Mystic Bla  Conj/Tloc      0%         2d3       100%        4
 Leda's Liquefaction      Hex/Erth       0%         N/A       100%        4
 Sticky Flame             Conj/Fire      0%         2d3       100%        4
 Lee's Rapid Deconstruct  Erth           0%         3d5*      100%        5
 Lightning Bolt           Conj/Air       0%         1d11      100%        5
 Maxwell's Capacitive Co  Air            0%         ∞         100%        8


Dungeon Overview and Level Annotations

Branches:
Dungeon (12/15)            Temple (1/1) D:5            Lair (0/6) D:8
    Orc (0/2) D:10         Bailey (visited)

Altars:
Ashenzari
Cheibriados
Dithmenos
Elyvilon
Fedhas
Gozag
Hepliaklqana
Kikubaaqudgha
Makhleb
Nemelex Xobeh
Okawaru
Qazlal
Ru
Sif Muna
Trog
Uskayaw
Vehumet
Wu Jian
Xom
Yredelemnul
Zin
The Shining One

Shops:
D:7 [

Portals:
Ice
Cave: D:12

Annotations:
D:10 2 transporters, MisterFreud's ghost, novice TrBe
D:11 3 runed translucent doors


Innate Abilities, Weirdness & Mutations

You are immune to sickness and miasma.
Your stone body is resilient. (AC +8)
You are immune to poison.
You resist negative energy. (rN+)
You are resistant to electric shocks. (rElec)
You are resistant to unholy torment.
You are immune to petrification.


Message History

You block the ice devil's attack.
You closely miss the ice devil.
The ice devil is lightly wounded.
The ice devil closely misses you.
You hit the ice devil but do no damage.
The ice devil is lightly wounded.
You block the ice devil's attack.
You closely miss the ice devil.
The ice devil is lightly wounded.
The ice devil is distracted by your dazzling golden aura.
Okay, then.
Aiming: Corrosive Bolt
Press: ? - help, Shift-Dir - straight line, f - ice devil
Aim: an ice devil (lightly wounded, unaware, hasn't noticed you, 71% to hit)
The bolt of acid hits the ice devil!
The acid corrodes the ice devil!
The ice devil is heavily wounded.
The ice devil is no longer distracted by gold.
You block the ice devil's attack.
You closely miss the ice devil.
The ice devil is heavily wounded.
The ice devil hits you! The ice devil freezes you!!
* * * LOW HITPOINT WARNING * * *
You closely miss the ice devil.
The ice devil is heavily wounded.
The ice devil hits you but does no damage.
Aiming: Corrosive Bolt
Press: ? - help, Shift-Dir - straight line, f/p - ice devil
Aim: an ice devil (heavily wounded, covered in acid, 71% to hit)
The bolt of acid hits the ice devil!
The ice devil seems to be corroded for longer.
The ice devil is severely wounded.
You block the ice devil's attack.
Aiming: Corrosive Bolt
Press: ? - help, Shift-Dir - straight line, f/p - ice devil
Aim: an ice devil (severely wounded, covered in acid, 71% to hit)
The bolt of acid misses the ice devil.
The ice devil hits you!
* * * LOW HITPOINT WARNING * * *
The ice devil freezes you!
You die...
Your body crumbles into a pile of gold.

##..##.#..........#.(.
#..###.#............##
##.####.#.........####
#########.[(.......####.#.###
#..........###.....####.#...#
#........<.........(......#.#
#..........##......####.#.#.#
#############'#+#### ).#....
#.@.# #####.## ##4## ... #$#
#.. ... ## ..... #.....#
#..∩..# #######


You could see an ice devil (corroded).

Vanquished Creatures
  Harold (D:7)
  A centaur warrior (D:12)
  4 two-headed ogres
  A sea snake (D:11)
  2 cyclopes
  A manticore (D:11)
  An unseen horror (D:11)
  An ice devil (D:12)
  3 trolls (D:11)
  5 spriggans (Bailey)
  A fire bat (shapeshifter) (D:11)
  2 shadows (D:11)
  2 wraiths
  4 wyverns
  4 yaks (D:11)
  A vampire (D:12)
  Grum (D:8)
  A steam dragon (Bailey)
  4 vampire mosquitoes (D:12)
  4 acid dragons
  A warg (D:9)
  A water moccasin (D:9)
  7 orc warriors
  An ice beast (D:6)
  A sky beast (D:5)
  A hornet zombie (D:7)
  8 ogres
  2 wolves (D:8)
  4 centaurs
  3 kobold brigands (D:9)
  A bullfrog (D:6)
  5 scorpions
  2 water moccasin zombies
  4 killer bees (D:8)
  4 wights (D:9)
  5 howler monkeys
  A centaur zombie (D:8)
  2 gnoll shamans
  A bullfrog skeleton (D:4)
  Crazy Yiuf (D:7)
  8 orc priests
  6 hounds
  4 jellies (D:6)
  Jessica (D:3)
  Terence (D:3)
  Natasha (D:2)
  3 iguanas
  8 orc wizards
  A killer bee zombie (D:7)
  Robin (D:3)
  A howler monkey skeleton (D:7)
  3 adders
  9 gnolls
  A white imp (D:5)
  2 ufetubi
  4 worms
  3 dart slugs
  60 orcs
  9 ball pythons
  9 endoplasms
  A giant cockroach (D:2)
  16 goblins
  13 hobgoblins
  12 jackals
  17 kobolds
  2 quokkas (D:3)
  6 bats
  5 frilled lizards
  5 rats
311 creatures vanquished.

Vanquished Creatures (others)
  A wyvern (D:9)
  An orc wizard (D:5)
  3 fungi (D:7)
  16 plants (D:2)
21 creatures vanquished.

Grand Total: 332 creatures vanquished

Notes
Turn   | Place    | Note
-------+----------+-------------------------------------------
     0 | D:1      | inmateoo the Gargoyle Gladiator began the quest for the
                  | Orb.
     0 | D:1      | Reached XP level 1. HP: 12/12 MP: 1/1
    48 | D:1      | Found a faded altar of an unknown god.
   158 | D:1      | Reached XP level 2. HP: 4/18 MP: 2/2
   769 | D:1      | Reached XP level 3. HP: 22/22 MP: 3/3
   914 | D:1      | Reached skill level 1 in Armour
  1832 | D:2      | Reached XP level 4. HP: 27/27 MP: 4/4
  2615 | D:2      | Reached skill level 1 in Shields
  2684 | D:3      | Noticed Natasha
  2867 | D:2      | Reached skill level 4 in Maces & Flails
  3070 | D:2      | Killed Natasha
  3071 | D:2      | Reached XP level 5. HP: 27/32 MP: 5/5
  3792 | D:3      | Noticed Terence
  3804 | D:3      | Killed Terence
  3919 | D:3      | Noticed Robin
  4020 | D:3      | Killed Robin
  4021 | D:3      | Reached XP level 6. HP: 37/37 MP: 6/6
  4046 | D:3      | Noticed Jessica
  4054 | D:3      | Killed Jessica
  4986 | D:4      | Reached skill level 5 in Maces & Flails
  4986 | D:4      | Reached XP level 7. HP: 39/41 MP: 7/7
  5325 | D:4      | Found a glowing drain.
  5585 | D:5      | Entered Level 5 of the Dungeon
  5981 | D:5      | Reached XP level 8. HP: 46/48 MP: 8/8
  6157 | D:5      | Found a staircase to the Ecumenical Temple.
  6214 | Temple   | Entered the Ecumenical Temple
  6519 | Temple   | Became a worshipper of Gozag Ym Sagoz the Greedy
  6598 | D:5      | Reached skill level 6 in Maces & Flails
  7211 | D:6      | Found a shimmering blue altar of Sif Muna.
  7394 | D:6      | Reached skill level 5 in Fighting
  7645 | D:6      | Reached skill level 7 in Maces & Flails
  7899 | D:6      | Reached XP level 9. HP: 50/54 MP: 9/9
  8717 | D:7      | Noticed Harold
  8755 | D:7      | Noticed Maggie
  8755 | D:7      | Found a flagged portal.
  8757 | D:7      | Noticed Maggie
  8757 | D:7      | Maggie changed into Maggie the wyvern
  8771 | D:6      | Killed Maggie the wyvern
  8772 | D:6      | Reached skill level 5 in Armour
  8772 | D:6      | Reached skill level 5 in Shields
  8952 | Bailey   | Entered a bailey
  9068 | Bailey   | Reached skill level 8 in Maces & Flails
  9068 | Bailey   | Reached skill level 5 in Dodging
  9169 | Bailey   | Noticed a two-headed ogre
  9186 | Bailey   | Killed a two-headed ogre
  9187 | Bailey   | Reached XP level 10. HP: 33/61 MP: 10/10
  9226 | Bailey   | Reached skill level 9 in Maces & Flails
  9687 | Bailey   | Identified the +7 battleaxe "Udduath" {vorpal, rElec Will+
                  | SInv}
 10056 | D:7      | Found Amumpyuc's Armour Emporium.
 10128 | D:7      | Found a runed translucent door.
 10129 | D:7      | Noticed Crazy Yiuf
 10620 | D:7      | Killed Harold
 10760 | D:7      | Killed Crazy Yiuf
 10916 | D:8      | Reached skill level 10 in Maces & Flails
 11037 | D:8      | Found a staircase to the Lair.
 11144 | D:8      | Noticed Grum
 11173 | D:8      | Killed Grum
 11335 | D:8      | Noticed a two-headed ogre
 11353 | D:8      | Killed a two-headed ogre
 11637 | D:8      | Reached XP level 11. HP: 67/68 MP: 11/11
 13051 | D:10     | Entered Level 10 of the Dungeon
 13065 | D:10     | Noticed a two-headed ogre
 13075 | D:10     | Found a transporter.
 13075 | D:10     | Noticed a moth of wrath
 13136 | D:10     | Noticed MisterFreud's ghost (novice TrBe)
 13144 | D:10     | Found a transporter.
 13147 | D:10     | Noticed a tengu warrior
 13148 | D:10     | Found a bloodstained altar of Trog.
 13722 | D:10     | Found a staircase to the Orcish Mines.
 13961 | D:10     | Reached skill level 11 in Maces & Flails
 14402 | D:11     | Found a runed translucent gate.
 14402 | D:11     | Found a runed translucent gate.
 14402 | D:11     | Found a runed translucent gate.
 14402 | D:11     | Noticed a glowing orange brain
 14403 | D:11     | Noticed a green ugly thing
 14403 | D:11     | Noticed a cyan ugly thing
 14403 | D:11     | Noticed a manticore
 14404 | D:11     | Noticed a brown ugly thing
 14404 | D:11     | Noticed a green ugly thing
 14406 | D:11     | Noticed a cyclops
 14406 | D:11     | a manticore changed into a cyclops
 15099 | D:11     | Noticed a manticore
 15115 | D:11     | Killed a manticore
 15177 | D:11     | Noticed a two-headed ogre
 15181 | D:11     | Killed a two-headed ogre
 15583 | D:11     | Noticed a two-headed ogre
 15592 | D:11     | Killed a two-headed ogre
 15676 | D:11     | Noticed a cyclops
 15688 | D:11     | Killed a cyclops
 15952 | D:11     | Noticed a two-headed ogre
 15953 | D:11     | Noticed a sea snake
 15953 | D:11     | a two-headed ogre changed into a sea snake
 15971 | D:11     | Killed a sea snake
 15972 | D:11     | Reached skill level 12 in Maces & Flails
 16107 | D:11     | Reached XP level 12. HP: 75/76 MP: 12/12
 16239 | D:12     | Noticed a centaur warrior
 16264 | D:12     | Killed a centaur warrior
 16550 | D:12     | Found a frozen archway.
 16586 | D:12     | Slain by an ice devil

Illustrated notes

Levels and vault maps discovered:
D:1:      scummos_arrival_forest, layout_rooms,
          dreamdust_ecumenical_altar_statues, grunt_decor_resistance,
          minmay_quantized
D:2:      layout_basic, serial_bayou_lagoon_a, kennysheep_crisscross,
          minmay_tromino_v7
D:3:      cheibrodos_helix_gallery, layout_basic, kennysheep_generic_room_4,
          uniq_natasha, uniq_robin, uniq_terence, uniq_jessica
D:4:      layout_layer_cave, portal_sewer_entry_e, hangedman_decor_slide_cut
D:5:      layout_loops_ring, temple_pool_b
D:6:      layout_layer_cave, mainiacjoe_overflow_paths, minmay_pentangle
D:7:      layout_basic, serial_shops, shop_statue, enter_bailey_2, uniq_maggie,
          uniq_crazy_yiuf_cottage, uniq_harold
D:8:      layout_rooms, dpeg_oklobed_lair, uniq_grum
D:9:      layout_basic
D:10:     layout_irregular_city, erik_orc_4, gammafunk_ghost_wrathful_warriors
D:11:     layout_roguey, ploomutoo_gammafunk_ghost_potion_laboratory,
          st_stairs_14
D:12:     layout_rooms, portal_ice_cave_demonic_guard, serial_bayou_pond_e
Temple:   roderic_octagonal_lattice_temple

Skill      XL: |  1  2  3  4  5  6  7  8  9 10 11 12 |
---------------+-------------------------------------+-----
Armour         | 1 2 3 4 6 7 8 9 |  9.2
Dodging        | 3 4 5 |  5.0
Shields        | 1 2 3 4 6 7 8 9 |  9.2
Maces & Flails | 4 5 7 8 10 12 | 12.5
Fighting       | 3 4 5 6 7 9 |  9.5
Throwing       | |  1.7

Action                   |  1- 3 |  4- 6 |  7- 9 | 10-12 || total
-------------------------+-------+-------+-------+-------++-------
Melee: Flail             |   117 |   282 |   215 |   859 ||  1473
       Punch             |     1 |       |       |       ||     1
       Whip              |       |    50 |   145 |       ||   195
Throw: Throwing net      |     3 |     2 |     2 |     1 ||     8
Invok: Potion Petition   |       |       |     1 |       ||     1
Evoke: Wand              |       |       |     2 |    15 ||    17
  Use: Scroll            |     2 |     6 |     8 |     4 ||    20
       Potion            |       |       |     3 |       ||     3
 Stab: Held in net/web   |       |     1 |     1 |     1 ||     3
       Distracted        |       |       |       |     3 ||     3
       Paralysed         |       |       |       |     6 ||     6
Armor: Leather armour    |    63 |    46 |       |       ||   109
       Ring mail         |       |    50 |       |       ||    50
       Chain mail        |       |   154 |   181 |   391 ||   726
       Skin              |       |       |     8 |       ||     8
Dodge: Dodged            |    81 |   120 |    69 |   176 ||   446
Block: Kite shield       |    16 |   135 |   237 |   557 ||   945
       Reflection        |       |       |     3 |    21 ||    24
